 Dungeon Crawl Stone Soup version 0.21.1-1-g345015fe64 (webtiles) character file.

429 HessuHobo the Cudgeler (level 6, -2/53 HPs)
             Began as a Minotaur Fighter on May 23, 2018.
             Slain by an orc warrior
             ... wielding a +0 hand axe
              (8 damage)
             ... on level 4 of the Dungeon.
             The game lasted 00:03:44 (1820 turns).

HessuHobo the Cudgeler (Minotaur Fighter)           Turns: 1820, Time: 00:03:45

Health: -2/53      AC: 12    Str: 23    XL:     6   Next: 66%
Magic:  5/5        EV:  4    Int:  5    God:
Gold:   117        SH:  9    Dex:  9    Spells: 5/5 levels left

rFire    + . .     SeeInvis .   a - +0 flail
rCold    + . .     Gourm    .   c - +0 shield
rNeg     . . .     Faith    .   h - +0 plate armour
rPois    +         Spirit   .   (helmet restricted)
rElec    +         Reflect  .   (no cloak)
rCorr    +         Harm     .   (no gloves)
MR       .....                  (no boots)
Stlth    ..........             (no amulet)
HPRegen  0.17/turn              g - ring of stealth
MPRegen  0.09/turn              (no ring)

@: resistant
A: retaliatory headbutt, horns 2
a: no special abilities


You were on level 4 of the Dungeon.
You were not hungry.

You visited 1 branch of the dungeon, and saw 4 of its levels.

You collected 117 gold pieces.

Inventory:

Hand Weapons
 a - a +0 flail (weapon)
Armour
 b - a +0 scale mail
 c - a +0 shield (worn)
 h - a +0 plate armour (worn)
 j - a cursed +0 robe
Jewellery
 g - a ring of stealth (left hand)
 o - an uncursed amulet of magic regeneration
Scrolls
 i - 2 scrolls of amnesia
 k - 2 scrolls of teleportation {unknown}
 l - a scroll of enchant armour {unknown}
 r - a scroll of fog
 s - a scroll of identify
 t - a scroll of fear {unknown}
 u - a scroll of immolation {unknown}
Potions
 d - a potion of might
 e - 3 potions of brilliance {unknown}
 m - a potion of cancellation {unknown}
 n - a potion of haste {unknown}
 p - a potion of resistance
 q - a potion of lignification {unknown}
Comestibles
 f - 6 rations


   Skills:
 + Level 4.7 Fighting
 * Level 6.6 Maces & Flails
 * Level 5.9 Armour
 - Level 3.6 Shields


You had 5 spell levels left.
You didn't know any spells.

Dungeon Overview and Level Annotations

Branches:
Dungeon (4/15)
 Temple: D:4-7

Altars:
Fedhas
Nemelex Xobeh


Innate Abilities, Weirdness & Mutations

You reflexively headbutt those who attack you in melee.
You have a pair of horns on your head.


Message History

The orc warrior is lightly wounded.
The orc warrior hits you with a hand axe.
You hit the orc warrior.
The orc warrior is moderately wounded.
The orc warrior hits you with a hand axe!
You barely miss the orc warrior.
The orc warrior is moderately wounded.
The orc warrior hits you with a hand axe!
* * * LOW HITPOINT WARNING * * *
You hit the orc warrior but do no damage.
The orc warrior is moderately wounded.
The orc warrior hits you with a hand axe.
* * * LOW HITPOINT WARNING * * *
It was a potion of resistance.
You feel protected.
The orc warrior hits you but does no damage.
You closely miss the orc warrior. Your headbutt misses the orc warrior.
The orc warrior is moderately wounded.
The orc warrior hits you with a hand axe!
You die...

#. ... .##.###...## o.. ......
... .... ..... .. ......
#..##.# ........ #..#.#
..........###....# . . #
.....#.........@o#.... ..#.. #
#.......##.........._......####
##....#..##.##...#..... #...##.
##.....##....####.# ....
#....). ...#...##...## .# )..
#...... .#.#......#.# .#
.####...... #........#### ..
........... #.#....## ##
###...... ##....#### ##..####


You could see an orc warrior.

Vanquished Creatures
  The ghost of HessuHobo the Cutter, an amateur TrFi (D:4)
  A howler monkey (D:4)
  2 worker ants (D:4)
  2 gnolls
  3 adders
  2 oozes
  A worm (D:2)
  2 dart slugs
  2 orcs
  A ball python (D:1)
  5 bats
  A giant cockroach (D:2)
  7 goblins
  3 hobgoblins
  5 jackals
  2 quokkas (D:3)
  A frilled lizard (D:1)
  6 kobolds
  4 rats
51 creatures vanquished.

Notes
Turn   | Place    | Note
-------+----------+-------------------------------------------
     0 | D:1      | HessuHobo the Minotaur Fighter began the quest for the Orb.
     0 | D:1      | Reached XP level 1. HP: 19/19 MP: 0/0
    88 | D:1      | Reached XP level 2. HP: 27/27 MP: 1/1
   439 | D:1      | Reached skill level 3 in Maces & Flails
   498 | D:1      | Reached XP level 3. HP: 33/33 MP: 2/2
   965 | D:2      | Reached XP level 4. HP: 37/40 MP: 3/3
  1202 | D:2      | Noticed an orc warrior
  1224 | D:2      | You fall through a shaft for 2 floors!
  1430 | D:4      | Reached skill level 4 in Maces & Flails
  1430 | D:4      | Reached skill level 5 in Armour
  1454 | D:4      | Found a sparkling altar of Nemelex Xobeh.
  1487 | D:4      | Reached XP level 5. HP: 39/47 MP: 4/4
  1609 | D:4      | Noticed HessuHobo's ghost (amateur TrFi)
  1629 | D:4      | Killed HessuHobo's ghost
  1629 | D:4      | Reached skill level 6 in Maces & Flails
  1629 | D:4      | Reached XP level 6. HP: 42/53 MP: 5/5
  1698 | D:4      | Found a blossoming altar of Fedhas.
  1772 | D:3      | Noticed an orc warrior
  1820 | D:4      | Slain by an orc warrior

Skill      XL: |  1  2  3  4  5 |
---------------+----------------+-----
Armour         | 4 5 |  5.9
Fighting       | 4 |  4.7
Maces & Flails | 3 4 6 |  6.6
Shields        | |  3.6

Action                   |  1- 3 |  4- 6 || total
-------------------------+-------+-------++-------
Melee: Flail             |    74 |    83 ||   157
       Headbutt          |    10 |    16 ||    26
  Use: Scroll            |     5 |     2 ||     7
       Potion            |       |     2 ||     2
  Eat: Chunk             |       |     3 ||     3
Armor: Scale mail        |    35 |       ||    35
       Plate armour      |       |    44 ||    44
Dodge: Dodged            |    24 |    11 ||    35
Block: Shield            |    24 |    39 ||    63
